 Dungeon Crawl Stone Soup version 0.21.1-1-g345015fe64 (webtiles) character file.

9091 Gargoyl the Cleaver (level 11, -3/91 HPs)
             Began as a Centaur Abyssal Knight on Mar 29, 2018.
             Was an Elder of Lugonu.
             Slain by a blink frog (12 damage)
             ... on level 2 of the Lair of Beasts on Mar 30, 2018.
             The game lasted 00:24:56 (16037 turns).

Gargoyl the Cleaver (Centaur Abyssal Knight)       Turns: 16037, Time: 00:24:56

Health: -3/91      AC: 15    Str: 20    XL:     11   Next: 18%
Magic:  16/16      EV:  5    Int: 11    God:    Lugonu [****..]
Gold:   607        SH:  3    Dex: 12    Spells: 10/10 levels left

rFire    . . .     SeeInvis .   a - +2 hand axe
rCold    . . .     Gourm    .   (no shield)
rNeg     . . .     Faith    .   B - +0 plate armour
rPois    .         Spirit   .   h - +0 helmet
rElec    .         Reflect  +   i - +1 cloak
rCorr    .         Harm     .   (no gloves)
MR       .....                  (no barding)
Stlth    ..........             m - +3 amulet of reflection
HPRegen  0.25/turn              e - +5 ring of strength
MPRegen  0.15/turn              (no ring)

@: very quick
A: large, hooves 3, deformed body, speed 2, tough skin 3, subdued magic 1
a: Depart the Abyss, Bend Space, Banish, Corrupt, Renounce Religion


You were on level 2 of the Lair of Beasts.
You worshipped Lugonu.
Lugonu was greatly pleased with you.
You were not hungry.

You visited 2 branches of the dungeon, and saw 10 of its levels.
You visited the Abyss 3 times.
You also visited: Bailey.

You collected 607 gold pieces.

Inventory:

Hand Weapons
 a - a +2 hand axe (weapon)
Missiles
 j - 5 tomahawks (quivered)
Armour
 h - a +0 helmet (worn)
 i - a +1 cloak (worn)
 B - a +0 plate armour (worn)
Jewellery
 e - a +5 ring of strength (left hand)
 m - a +3 amulet of reflection (around neck)
 r - an uncursed amulet of regeneration
Wands
 g - a wand of acid (23)
 k - a wand of iceblast (13)
 q - a wand of flame (13)
 y - a wand of paralysis (19)
Scrolls
 d - a scroll of teleportation
 l - a scroll of blinking
 n - 2 scrolls of identify
 o - 3 scrolls of amnesia
 s - 6 scrolls of remove curse
 u - 3 scrolls of magic mapping
 x - a scroll of fear
Potions
 b - 2 potions of brilliance
 f - 2 potions of flight
 t - 2 potions of curing
 z - a potion of might
 A - 2 potions of lignification
Books
 p - a book of Cantrips

   Spells                             Type                      Level
   a - Confusing Touch                Hexes                        1
   b - Animate Skeleton               Necromancy                   1
   c - Summon Small Mammal            Summoning                    1
   d - Apportation                    Translocation                1
Comestibles
 c - 7 rations
 v - 5 chunks of flesh


   Skills:
 + Level 6.6 Fighting
 + Level 9.0 Axes
 + Level 1.4 Throwing
 * Level 8.6 Armour
 + Level 2.2 Dodging
 * Level 7.9 Invocations


You had 10 spell levels left.
You didn't know any spells.

Dungeon Overview and Level Annotations

Branches:
Dungeon (8/15)             Temple (0/1) D:6            Lair (2/6) D:8
  Swamp (0/4) Lair:2
  Snake: Lair:2-4    Spider: Lair:2-4

Altars:
Cheibriados
Dithmenos
Hepliaklqana
Kikubaaqudgha
Makhleb
Uskayaw


Innate Abilities, Weirdness & Mutations

You have hooves in place of feet.
Armour fits poorly on your strangely shaped body.
You cover ground very quickly.
You have extremely tough skin. (AC +3)
Your spells are a little easier to cast, but a little less powerful.


Message History

The blink frog blinks!
The water moccasin bites you but does no damage.
The spiny frog stings you!
* * * LOW HITPOINT WARNING * * *
The blink frog hits you!
* * * LOW HITPOINT WARNING * * *
The blink frog blinks!
You hit the spiny frog.
You kill the spiny frog!
Lugonu accepts your kill.
You hit the water moccasin. You closely miss the blink frog.
You hit the komodo dragon.
You feel sick.
The water moccasin bites you but does no damage.
You block the blink frog's attack. The komodo dragon barely misses you.
The blink frog falls through a shaft!
The shaft crumbles and collapses.
The water moccasin barely misses you.
You see here a spiny frog corpse.
Unknown command.
You feel better. The water moccasin barely misses you. The blink frog hits you!
You die...

........# .#.....
.#.###..####.....
P.... ##..# #..##.
P..... ##...###..#
....# #.........#
.....
#P...#..#..§#####....
...##...#.#.#.P#..##
.###.#...##......#.#
#.##..##..##[@..# #.
#.....###lFS## .
....... #....#
..#PP..# #....#
..###.. ##....# ##.
##..... ..§...
....... ##.....


You could see a komodo dragon, a blink frog and a water moccasin.

Vanquished Creatures
  4 spiny frogs
  A rime drake (Lair:1)
  The ghost of subsebi the Chopper, an amateur DsCK of Xom (D:4)
  4 blink frogs (Lair:1)
  5 hippogriffs
  A steam dragon (Lair:2)
  3 water moccasins
  2 porcupines
  4 orc warriors
  5 phantoms
  3 ice beasts
  A necrophage (D:8)
  2 ogres
  A centaur (D:6)
  4 crocodiles
  A big kobold (D:7)
  7 bullfrogs
  A water moccasin zombie (D:5)
  A scorpion (D:8)
  A water moccasin skeleton (D:5)
  4 killer bees (D:7)
  6 wights
  2 centaur zombies
  3 crimson imps
  A jelly (D:8)
  7 orc priests
  A bullfrog skeleton (D:4)
  6 hounds
  A centaur skeleton (D:5)
  2 gnoll shamans
  2 iguanas (D:6)
  10 orc wizards
  Natasha (thrice) (D:3 D:6)
  8 worker ants
  A killer bee zombie (D:7)
  A hound skeleton (D:4)
  Robin (D:3)
  9 gnolls
  10 adders
  2 shadow imps
  An ooze (D:1)
  3 adder skeletons
  A dart slug (D:4)
  7 leopard geckos
  50 orcs
  2 ball pythons
  5 bats
  4 giant cockroaches
  12 goblins
  9 hobgoblins
  2 jackals (D:6)
  2 quokkas
  3 frilled lizards
  13 kobolds
  A leopard gecko zombie (D:7)
  11 rats
258 creatures vanquished.

Vanquished Creatures (others)
  A two-headed ogre (D:8)
  The ghost of jlero the Basher, a novice MiFi of Okawaru (D:7)
  A killer bee (D:7)
  A wight (D:8)
  2 gnolls (D:6)
  A kobold (Bailey)
  3 fungi (Lair:2)
  A plant (Lair:2)
11 creatures vanquished.

Grand Total: 269 creatures vanquished

Notes
Turn   | Place    | Note
-------+----------+-------------------------------------------
     0 | Abyss:1  | Gargoyl the Centaur Abyssal Knight began the quest for the Orb.
     0 | Abyss:1  | Reached XP level 1. HP: 19/19 MP: 2/2
     2 | Abyss:1  | Found a corrupted altar of Lugonu.
    79 | Abyss:3  | Noticed a neqoxec
    79 | Abyss:3  | Gained mutation: Your spells are a little easier to cast, but a little less powerful. [a neqoxec]
    81 | Abyss:3  | Noticed a large abomination
    82 | Abyss:3  | Noticed a large abomination
    85 | Abyss:3  | Noticed a quasit
   121 | D:1      | Escaped the Abyss
   496 | D:1      | Reached XP level 2. HP: 26/26 MP: 3/3
   529 | D:1      | Reached * piety under Lugonu
   738 | D:1      | Reached skill level 2 in Axes
  1138 | D:1      | Reached XP level 3. HP: 13/31 MP: 4/4
  1974 | D:2      | Reached XP level 4. HP: 38/38 MP: 5/5
  2203 | D:2      | Found a burning altar of Makhleb.
  2499 | D:2      | Found a hide-covered altar of Uskayaw.
  2546 | D:2      | Reached ** piety under Lugonu
  2600 | D:3      | Noticed Natasha
  2605 | D:3      | Killed Natasha
  2605 | D:3      | Reached skill level 3 in Axes
  2605 | D:3      | Reached XP level 5. HP: 41/45 MP: 7/7
  2753 | D:3      | Noticed Robin
  2774 | D:3      | Killed Robin
  2780 | D:3      | Noticed Natasha
  2795 | D:3      | Killed Natasha
  3377 | D:4      | Noticed a phantom
  3512 | D:4      | Noticed subsebi's ghost (amateur DsCK)
  3898 | D:4      | Killed subsebi's ghost
  3898 | D:4      | Reached skill level 4 in Axes
  3898 | D:4      | Reached skill level 1 in Dodging
  3898 | D:4      | Reached XP level 6. HP: 52/52 MP: 8/8
  4306 | D:4      | Reached XP level 7. HP: 22/58 MP: 9/9
  4903 | D:4      | Found an ancient bone altar of Kikubaaqudgha.
  4987 | D:5      | Entered Level 5 of the Dungeon
  5334 | D:5      | Reached *** piety under Lugonu
  5380 | D:5      | HP: 2/59 [poisoned by an orc wizard]
  5385 | D:5      | HP: 2/59 [poisoned by an orc wizard]
  5743 | D:5      | Reached XP level 8. HP: 51/67 MP: 11/11
  5761 | D:5      | Reached skill level 5 in Axes
  6746 | D:6      | Reached skill level 5 in Armour
  6916 | D:6      | Found a staircase to the Ecumenical Temple.
  6983 | D:6      | Reached skill level 6 in Axes
  6983 | D:6      | Reached skill level 5 in Invocations
  7120 | D:6      | Reached skill level 5 in Fighting
  7120 | D:6      | Reached XP level 9. HP: 15/74 MP: 12/12
  7123 | D:6      | HP: 2/111 [gnoll/flail of protection (5)]
  7515 | D:6      | Noticed Natasha
  7523 | D:6      | Killed Natasha
  7591 | D:6      | Found a shadowy altar of Dithmenos.
  7631 | D:6      | Found a snail-covered altar of Cheibriados.
  7786 | D:6      | Found a hazy altar of Hepliaklqana.
  8081 | D:7      | Noticed jlero's ghost (novice MiFi)
  8455 | D:7      | Reached **** piety under Lugonu
  8871 | D:7      | Reached skill level 7 in Axes
  9228 | D:7      | Banished jlero's ghost
  9740 | D:8      | Found a flagged portal.
  9763 | Bailey   | Entered a bailey
  9803 | D:8      | Found a staircase to the Lair.
 10890 | D:8      | Noticed a two-headed ogre
 10900 | D:8      | Banished a two-headed ogre
 10900 | D:8      | Reached XP level 10. HP: 41/83 MP: 14/14
 11241 | D:8      | Cast into level 1 of the Abyss (wight)
 11241 | Abyss:1  | Found a corrupted altar of Lugonu.
 11301 | Abyss:2  | Noticed a large abomination
 11312 | Abyss:3  | Found a corrupted altar of Lugonu.
 11349 | Abyss:3  | Noticed a starcursed mass
 11349 | Abyss:3  | Noticed a wretched star
 11349 | D:8      | Escaped the Abyss
 12015 | D:8      | Cast into level 1 of the Abyss (wight)
 12105 | D:8      | Escaped the Abyss
 12227 | D:8      | Reached skill level 1 in Throwing
 12256 | D:8      | Reached skill level 8 in Axes
 12670 | Lair:1   | Entered Level 1 of the Lair of Beasts
 12893 | Lair:1   | Noticed a spiny frog
 12928 | Lair:1   | Killed a spiny frog
 13888 | Lair:1   | Noticed a spiny frog
 13901 | Lair:1   | Killed a spiny frog
 14988 | Lair:2   | Noticed a spiny frog
 15000 | Lair:2   | Killed a spiny frog
 15000 | Lair:2   | Reached XP level 11. HP: 39/90 MP: 16/16
 15440 | Lair:2   | Found a staircase to the Swamp.
 15771 | Lair:2   | Reached skill level 9 in Axes
 16034 | Lair:2   | HP: 4/90 [blink frog (7)]
 16037 | Lair:2   | Slain by a blink frog

Skill      XL: |  1  2  3  4  5  6  7  8  9 10 11 |
---------------+----------------------------------+-----
Axes           | 2 3 4 6 7 8 9 |  9.0
Armour         | 2 3 4 5 7 8 |  8.6
Invocations    | 3 4 5 6 7 |  7.9
Dodging        | 1 2 |  2.2
Fighting       | 4 5 6 |  6.6
Throwing       | 1 |  1.4

Action                   |  1- 3 |  4- 6 |  7- 9 | 10-12 || total
-------------------------+-------+-------+-------+-------++-------
Melee: Hand axe          |    68 |   186 |   600 |   316 ||  1170
       Kick              |    10 |    42 |   152 |   107 ||   311
Throw: Tomahawk          |       |       |     6 |    18 ||    24
Invok: Depart the Abyss  |     1 |       |       |     2 ||     3
       Bend Space        |       |       |     4 |     2 ||     6
       Banish            |       |       |     4 |     2 ||     6
Evoke: Wand              |       |       |     1 |       ||     1
  Use: Scroll            |     6 |     4 |     8 |     3 ||    21
       Potion            |     2 |     6 |     7 |     2 ||    17
  Eat: Chunk             |     2 |     2 |     2 |     1 ||     7
       Ration            |       |     2 |     5 |     4 ||    11
Armor: Ring mail         |     6 |       |       |       ||     6
       Chain mail        |    39 |   120 |   381 |    27 ||   567
       Skin              |       |    22 |   100 |       ||   122
       Plate armour      |       |       |       |   179 ||   179
Dodge: Dodged            |    23 |    48 |   188 |    83 ||   342
Block: Other             |       |       |    92 |    42 ||   134
       Reflection        |       |       |     6 |       ||     6
